 Dungeon Crawl Stone Soup version 0.31-a0-925-g0a390f2509 (webtiles) character file.

Game seed: 13818466731738495192

221 Shayle the Trooper (level 5, 0/54 HPs)
             Began as an Ogre Hexslinger on Oct 19, 2023.
             Succumbed to a water moccasin's poison
             ... on level 3 of the Dungeon.
             The game lasted 00:06:13 (2373 turns).

Shayle the Trooper (Ogre Hexslinger)                Turns: 2373, Time: 00:06:14

Health: 0/54       AC:  5    Str: 12    XL:     5   Next: 98%
Magic:  6/6        EV: 10    Int: 16    God:
Gold:   17         SH:  0    Dex: 11    Spells: 6/6 levels left

rFire   . . .        a - +1 sling
rCold   . . .        (no shield)
rNeg    . . .        m - +2 animal skin
rPois   .            (helmet restricted)
rElec   .            (no cloak)
rCorr   .            (gloves unavailable)
SInv    .            (boots unavailable)
Will    .....        (no amulet)
Stlth   +            (no ring)
HPRegen 0.29/turn    (no ring)
MPRegen 0.10/turn

%: no passive effects
@: mighty, brilliant, lethally poisoned (0 -> -6), attractive
A: large, unfitting armour, tough skin 1
a: no special abilities


You were on level 3 of the Dungeon.
You visited 1 branch of the dungeon, and saw 3 of its levels.

You collected 45 gold pieces.
You spent 28 gold pieces at shops.

Inventory:

Hand Weapons
 a - a +1 sling (weapon)
Armour
 m - a +2 animal skin (worn)
Jewellery
 c - a ring of ice
Wands
 o - a wand of light (10)
Scrolls
 b - a scroll of poison
 d - 3 scrolls of fog {unknown}
 e - a scroll of acquirement {unknown}
 g - a scroll of teleportation {unknown}
 i - a scroll of vulnerability {unknown}
 j - a scroll of enchant armour {unknown}
 k - a scroll of blinking {unknown}
 p - a scroll of amnesia {unknown}
Potions
 f - 2 potions of enlightenment


   Skills:
 + Level 3.8 Fighting
 - Level 1.3 Ranged Weapons
 + Level 3.0 Dodging
 * Level 3.4 Unarmed Combat
 - Level 1.2 Spellcasting
 - Level 2.6 Hexes
 - Level 0.8 Fire Magic


You had 6 spell levels left.
You didn't know any spells.
Your spell library contained the following spells:

 Spells                   Type           Power      Damage    Failure   Level
 Jinxbite                 Hex            28%        N/A       12%         2
 Sigil of Binding         Hex            14%        N/A       22%         3
 Inner Flame              Hex/Fire       9%         N/A       32%         3
 Dazzling Flash           Conj/Hex       14%        N/A       36%         3
 Volatile Blastmotes      Fire/Tloc      6%         2d10      50%         3
 Cause Fear               Hex            7%         N/A       58%         4
 Dimensional Bullseye     Hex/Tloc       3%         N/A       78%         4
 Starburst                Conj/Fire      1%         6d3       100%        6
 Maxwell's Capacitive Co  Air            0%         ∞         100%        8


Dungeon Overview and Level Annotations

Branches:
Dungeon (3/15)

Altars:
Elyvilon

Shops:
D:1 *(

Annotations:
D:2 1 runed translucent door, Crazy Yiuf


Innate Abilities, Weirdness & Mutations

You are too large for most types of armour.
You have tough skin. (AC +1)


Message History

You shoot a sling bullet.
The sling bullet barely misses the water moccasin.
The water moccasin barely misses you. The water moccasin bites you.
You are poisoned.
The water moccasin poisons you!
You shoot a sling bullet.
The sling bullet barely misses the water moccasin.
You feel very sick. The water moccasin bites you.
You are more poisoned.
The water moccasin poisons you! The water moccasin misses you.
You are too injured to fight recklessly!
You are too injured to fight recklessly!
It was a potion of might.
You feel very mighty all of a sudden.
You feel very sick.
The water moccasin bites you but does no damage.
It was a potion of brilliance.
You feel clever all of a sudden.
You feel very sick. The water moccasin barely misses you.
The water moccasin bites you.
* * * LOW HITPOINT WARNING * * *
It was a potion of attraction.
You feel attractive to monsters.
* * * LOW HITPOINT WARNING * * *
You feel very sick. The water moccasin bites you.
* * * LOW HITPOINT WARNING * * *
Okay, then.
Okay, then.
You shoot a sling bullet.
The sling bullet misses the water moccasin.
* * * LOW HITPOINT WARNING * * *
You feel very sick. The water moccasin barely misses you.
The water moccasin bites you but does no damage.
Unknown command.
You shoot a sling bullet.
The sling bullet closely misses the water moccasin.
You die...

.......## .........
#......# ..
#......# #..
?......# #..
#......##.# #...
#.S.......#
##...##@######..#
................###
......†...........+
.................#
..#####.######...#
. #..........#
#..........###
#..........).#
............##.##


You could see a water moccasin.

Vanquished Creatures
  Jessica (D:2)
  Natasha (thrice) (D:2)
  A hound zombie (D:3)
  Robin (D:2)
  3 adders (D:2)
  A worm (D:3)
  A bat (D:3)
  7 endoplasms
  5 giant cockroaches
  11 goblins
  9 hobgoblins
  3 kobolds
  3 quokkas
  5 ball pythons
  A ball python skeleton (D:3)
  A frilled lizard (D:3)
  A giant cockroach zombie (D:3)
  A jackal zombie (D:3)
  8 rats
66 creatures vanquished.

Notes
Turn   | Place    | Note
-------+----------+-------------------------------------------
     0 | D:1      | Shayle the Ogre Hexslinger began the quest for the Orb.
     0 | D:1      | Reached XP level 1. HP: 19/19 MP: 2/2
    98 | D:1      | Reached XP level 2. HP: 23/28 MP: 3/3
    99 | D:1      | Reached skill level 1 in Unarmed Combat
   258 | D:1      | Found Moocig's Weapon Shoppe.
   258 | D:1      | Noticed a +0 giant spiked club
   259 | D:1      | Noticed a +0 demon whip
   272 | D:1      | Found Sefutibo's General Store.
   280 | D:1      | Bought a scroll of identify for 28 gold pieces
   587 | D:1      | Reached XP level 3. HP: 35/35 MP: 4/4
   806 | D:2      | Noticed Natasha
   815 | D:2      | Killed Natasha
   943 | D:2      | Reached XP level 4. HP: 42/44 MP: 5/5
  1040 | D:2      | Noticed Robin
  1422 | D:2      | Killed Robin
  1423 | D:2      | Reached XP level 5. HP: 51/53 MP: 6/6
  1525 | D:2      | Noticed Jessica
  1533 | D:2      | Killed Jessica
  1535 | D:2      | Found a white marble altar of Elyvilon.
  1539 | D:2      | Noticed Natasha
  1546 | D:2      | Killed Natasha
  1710 | D:2      | Noticed Natasha
  1719 | D:2      | Killed Natasha
  1887 | D:2      | Found a runed translucent door.
  1888 | D:2      | Noticed Crazy Yiuf
  2360 | D:3      | Noticed a water moccasin
  2372 | D:3      | HP: 2/54 [poisoned by a water moccasin]
  2373 | D:3      | Succumbed to a water moccasin's poison

Illustrated notes

Levels and vault maps discovered:
D:1:      matt_arrival_grand_opening, layout_basic, serial_shops, shop,
          nicolae_shop_mannequins, minmay_misc_feat_x, minmay_three_crescents
D:2:      layout_rooms, basic_altar, uniq_natasha, uniq_crazy_yiuf_cottage,
          uniq_jessica, uniq_robin
D:3:      minmay_chambers_of_twos, layout_basic, grunt_dithmenos_smoke,
          mainiacjoe_overflow_tiny_flanked, mainiacjoe_overflow_24_doors,
          slow_altar_1, serial_undead, serial_undead_e, serial_undead_b,
          serial_undead_b, serial_undead_e, grunt_ministairs_10, uniq_grinder,
          uniq_sigmund

Skill      XL: |  1  2  3  4  5 |
---------------+----------------+-----
Dodging        | 2 3 |  3.0
Unarmed Combat | 1 2 3 |  3.4
Fighting       | 2 3 |  3.8
Ranged Weapons | |  1.3
Spellcasting   | |  1.2
Hexes          | |  2.6
Fire Magic     | |  0.8

Action                     |  1- 3 |  4- 6 || total
---------------------------+-------+-------++-------
   Fire: Sling             |    77 |   192 ||   269
    Use: Scroll            |     1 |       ||     1
         Potion            |       |     4 ||     4
 Armour: Robe              |    27 |    48 ||    75
         Animal skin       |       |    40 ||    40
  Dodge: Dodged            |    31 |    80 ||   111

Table legend: (Time is in decaauts)
 A = Elapsed time spent in this place.
 B = Non-inter-level travel time spent in this place.
 C = Inter-level travel time spent in this place.
 D = Time resting spent in this place.
 E = Time spent auto-exploring this place.
 F = Levels seen in this place.
 G = Mean time per level.
                   A        B        C        D        E       F      G
               +--------+--------+--------+--------+--------+-----+--------+
         Total |   2470 |   2191 |    279 |    238 |   1328 |   3 |  823.3 |
       Dungeon |   2470 |   2191 |    279 |    238 |   1328 |   3 |  823.3 |
               +--------+--------+--------+--------+--------+-----+--------+

Top non-repeatable levels by time:
     D:2: 1395 daAuts
     D:1: 760 daAuts
     D:3: 314 daAuts
